[Event "1st Bangalore GM-Open-B 2024"]
[Site "Bangalore"]
[Date "2024.01.19"]
[Round "4.4"]
[White "Dhrikshu K Vasant"]
[Black "Sivathanujan, S."]
[Result "1/2-1/2"]
[ECO "D05"]
[WhiteElo "1557"]
[BlackElo "1821"]
[Annotator "NA RC"]
[PlyCount "149"]
[EventDate "2024.01.20"]
[EventType "swiss"]
[EventCountry "IND"]
[SourceTitle "playchess.com"]
[Source "ChessBase"]
[SourceQuality "1"]
[TimeControl "3600+30"]

1. d4 d5 2. e3 c5 3. c3 Nc6 4. Nf3 Nf6 5. Bd3 Bg4 6. Nbd2 e6 7. O-O Bd6 8. dxc5 Bxc5 9. e4 O-O 10. Qc2 dxe4 11. Nxe4 Bxf3 12. Nxc5 Qd5 13. gxf3 Qxc5 14. Bf4 Rac8 15. Qe2 Rfd8 16. Rad1 a6 17. Kh1 Nd5 18. Bg3 Nce7 19. Rg1 Ng6 20. Bxg6 hxg6 21. Rd4 b5 22. Rgd1 Re8 23. Be5 f6 24. Bg3 Kf7 25. a4 Rcd8 26. axb5 axb5 27. c4 bxc4 28. Rxc4 Qb5 29. Qc2 Rd7 30. Rc5 Qb7 31. Kg2 Ra8 32. Rd3 Ra6 33. Rc8 Ra8 34. Rxa8 Qxa8 35. Ra3 Qd8 36. Qc6 g5 37. Ra8 Qe7 38. Qc8 e5 39. Qg8+ Kg6 40. Re8 Qf7 41. Qh8 Ne7 42. Rf8 Qd5 43. h4 gxh4 44. Qxh4 Qd4 45. f4 Qe4+ 46. Kh2 Qf5 47. fxe5 Nd5 48. Qh3 Qxh3+ 49. Kxh3 Rb7 50. exf6 gxf6 51. Rb8 Rh7+ 52. Kg4 f5+ 53. Kf3 f4 54. Bxf4 Rf7 55. Rg8+ Kh7 56. Rg4 Nf6 57. Rg5 Rb7 58. Be5 Rb3+ 59. Bc3 Kh6 60. Kf4 Ne8 61. Rg8 Nc7 62. Ke4 Rb5 63. f4 Na6 64. f5 Nc5+ 65. Kf4 Nd3+ 66. Kg4 Nf2+ 67. Kf4 Nd3+ 68. Ke3 Nxb2 69. f6 Nc4+ 70. Kf4 Nd6 71. Rh8+ Kg6 72. Rg8+ Kh6 73. Rh8+ Kg6 74. Rg8+ Kh6 75. Rh8+ 1/2-1/2

[Event "1st Bangalore GM-Open-B 2024"]
[Site "Bangalore"]
[Date "2024.01.19"]
[Round "4.5"]
[White "Dinesh Kumar Jaganathan"]
[Black "Andalamala Hemal Varshan"]
[Result "0-1"]
[ECO "E04"]
[WhiteElo "1761"]
[BlackElo "1578"]
[Annotator "NA RC"]
[PlyCount "92"]
[EventDate "2024.01.20"]
[EventType "swiss"]
[EventCountry "IND"]
[SourceTitle "playchess.com"]
[Source "ChessBase"]
[SourceQuality "1"]
[TimeControl "3600+30"]

1. Nf3 c5 2. g3 Nc6 3. d4 d5 4. Bg2 Nf6 5. O-O e6 6. c4 dxc4 7. Qa4 Bd7 8. Qxc4 b5 9. Qd3 c4 10. Qd1 Rc8 11. Ne5 Nxe5 12. dxe5 Nd5 13. a4 b4 14. e4 Nb6 15. Be3 a5 16. f4 Qc7 17. Kh1 Bc5 18. Bxc5 Qxc5 19. Nd2 Bc6 20. Qc2 Bd7 21. Rfc1 Qc7 22. Bf1 c3 23. bxc3 bxc3 24. Nb1 O-O 25. Nxc3 Nxa4 26. Rxa4 Bxa4 27. Qxa4 Rfd8 28. Na2 Qa7 29. Rxc8 Rxc8 30. Kg2 Qe3 31. Qxa5 Qxe4+ 32. Kg1 Qd4+ 33. Kh1 Qe4+ 34. Kg1 Qe3+ 35. Kh1 h5 36. Qa6 Rc2 37. Qa8+ Kh7 38. Nb4 Qe1 39. Qf3 Rc1 40. Kg2 Qxb4 41. Qxh5+ Kg8 42. Qf3 Qd2+ 43. Kh3 Rc3 44. Qa8+ Kh7 45. Qe4+ g6 46. Qe2 Qxf4 0-1

[Event "1st Bangalore GM-Open-B 2024"]
[Site "Bangalore"]
[Date "2024.01.19"]
[Round "5.1"]
[White "Selvamurugan B"]
[Black "Madhesh Kumar S"]
[Result "1-0"]
[ECO "C47"]
[WhiteElo "1920"]
[BlackElo "1664"]
[Annotator "NA RC"]
[PlyCount "105"]
[EventDate "2024.01.20"]
[EventType "swiss"]
[EventCountry "IND"]
[SourceTitle "playchess.com"]
[Source "ChessBase"]
[SourceQuality "1"]
[TimeControl "3600+30"]

1. e4 e5 2. Nf3 Nc6 3. Nc3 Nf6 4. a3 d5 5. Bb5 dxe4 6. Nxe5 Bd7 7. Bxc6 bxc6 8. Qe2 Bf5 9. Qc4 Be6 10. Qxc6+ Nd7 11. Nxd7 Bxd7 12. Qxe4+ Be6 13. Nb5 Bd6 14. Qc6+ Ke7 15. O-O Re8 16. Nxd6 cxd6 17. d4 Kf8 18. Bf4 d5 19. Qd6+ Qxd6 20. Bxd6+ Kg8 21. Rfe1 Bf5 22. c3 Bc2 23. Re5 Bb3 24. Rae1 Rxe5 25. dxe5 a5 26. f4 g6 27. g4 h5 28. gxh5 gxh5 29. Kf2 Kh7 30. f5 a4 31. Kf3 Rg8 32. e6 fxe6 33. fxe6 Rd8 34. e7 Re8 35. Kf4 Kg6 36. Ke5 Bc4 37. Re3 Rc8 38. Rg3+ Kh7 39. Kf6 Bb5 40. Rg7+ Kh8 41. Be5 Rg8 42. Rf7 Bd7 43. e8=Q Rxe8 44. Kg6+ Kg8 45. Rg7+ Kf8 46. Bd6+ Re7 47. Rxe7 Be8+ 48. Kf6 Bb5 49. Rb7+ Ke8 50. Ke6 Bd7+ 51. Rxd7 d4 52. Rb7 Kd8 53. Rb8# 1-0

[Event "1st Bangalore GM-Open-B 2024"]
[Site "Bangalore"]
[Date "2024.01.19"]
[Round "5.2"]
[White "Haridev S"]
[Black "Jaidambareesh N R"]
[Result "1/2-1/2"]
[ECO "B33"]
[WhiteElo "1647"]
[BlackElo "1757"]
[Annotator "NA RC"]
[PlyCount "53"]
[EventDate "2024.01.20"]
[EventType "swiss"]
[EventCountry "IND"]
[SourceTitle "playchess.com"]
[Source "ChessBase"]
[SourceQuality "1"]
[TimeControl "3600+30"]

1. e4 c5 2. Nf3 Nc6 3. d4 cxd4 4. Nxd4 Nf6 5. Nc3 e5 6. Ndb5 d6 7. Bg5 a6 8. Na3 b5 9. Bxf6 gxf6 10. Nd5 Bg7 11. Bd3 Ne7 12. Ne3 f5 13. exf5 d5 14. c3 e4 15. Be2 Bxf5 16. Nac2 Bc8 17. Qd2 O-O 18. Rd1 Bb7 19. Nd4 Bh6 20. O-O Qb8 21. g3 f5 22. Ne6 Rf7 23. f4 Qd6 24. Nd4 Bg7 25. a3 Rd8 26. Qc2 Qb6 27. Qd2 1/2-1/2

[Event "1st Bangalore GM-Open-B 2024"]
[Site "Bangalore"]
[Date "2024.01.19"]
[Round "5.3"]
[White "Partha, Sarathi Satpathy"]
[Black "Neil Franclin, S."]
[Result "0-1"]
[ECO "B33"]
[WhiteElo "1626"]
[BlackElo "1736"]
[Annotator "NA RC"]
[PlyCount "104"]
[EventDate "2024.01.20"]
[EventType "swiss"]
[EventCountry "IND"]
[SourceTitle "playchess.com"]
[Source "ChessBase"]
[SourceQuality "1"]
[TimeControl "3600+30"]

1. e4 c5 2. Nf3 Nc6 3. d4 cxd4 4. Nxd4 Nf6 5. Nc3 e5 6. Ndb5 d6 7. Bg5 a6 8. Bxf6 gxf6 9. Na3 b5 10. Nd5 f5 11. Bxb5 axb5 12. Nxb5 Ra4 13. Nbc7+ Kd7 14. Nb6+ Kxc7 15. Nxa4 Qg5 16. Qf3 fxe4 17. Qxe4 Bb7 18. h4 Qg6 19. Qxg6 hxg6 20. O-O-O Nd4 21. Rh2 Bh6+ 22. Kb1 Be4 23. Rxd4 exd4 24. b3 d3 25. cxd3 Bxd3+ 26. Kb2 Bg7+ 27. Kc1 d5 28. Kd2 Bf5 29. Rh1 d4 30. Rc1+ Kd6 31. g3 Ra8 32. Rc4 Bd7 33. f3 Bxa4 34. bxa4 Kd5 35. Kd3 Re8 36. Rc7 Re3+ 37. Kc2 Rc3+ 38. Rxc3 dxc3 39. g4 Kc5 40. a3 Kb6 41. f4 f5 42. gxf5 gxf5 43. Kb3 Ka5 44. h5 Bf6 45. h6 Bh8 46. h7 Bg7 47. Kc2 Kxa4 48. Kc1 Kxa3 49. Kc2 Kb4 50. Kc1 Kb3 51. Kb1 c2+ 52. Kc1 Bb2+ 0-1

[Event "1st Bangalore GM-Open-B 2024"]
[Site "Bangalore"]
[Date "2024.01.19"]
[Round "5.4"]
[White "Kadav Omkar"]
[Black "Bhuvan Krishna Prasanth"]
[Result "1-0"]
[ECO "C65"]
[WhiteElo "1725"]
[BlackElo "1595"]
[Annotator "NA RC"]
[PlyCount "113"]
[EventDate "2024.01.20"]
[EventType "swiss"]
[EventCountry "IND"]
[SourceTitle "playchess.com"]
[Source "ChessBase"]
[SourceQuality "1"]
[TimeControl "3600+30"]

1. e4 e5 2. Nf3 Nc6 3. Bb5 Nf6 4. O-O d6 5. Qe2 Be7 6. c3 O-O 7. Rd1 Bg4 8. h3 Bh5 9. d3 Re8 10. Nbd2 Bf8 11. Nf1 a6 12. Ba4 b5 13. Bb3 Na5 14. Bc2 c5 15. g4 Bg6 16. Ne3 h6 17. h4 Qd7 18. g5 Nh5 19. Nh2 Nf4 20. Qg4 Qxg4+ 21. Nexg4 hxg5 22. hxg5 Be7 23. Bxf4 exf4 24. Nf3 Bh5 25. Ngh2 Nc6 26. Kg2 Ne5 27. Rg1 Rac8 28. Nxe5 dxe5 29. Nf3 Bd8 30. Bb3 Rc6 31. a4 Rg6 32. Rh1 Bxf3+ 33. Kxf3 Bxg5 34. axb5 axb5 35. Ra7 Rf6 36. Rb7 Rd8 37. Bd5 c4 38. dxc4 bxc4 39. Bxc4 g6 40. Bd5 Kg7 41. c4 Ra8 42. c5 Ra5 43. Rc1 Ra8 44. Rg1 Bh4 45. c6 g5 46. c7 Rc8 47. Rc1 Rg6 48. Rb8 g4+ 49. Ke2 f3+ 50. Kf1 g3 51. fxg3 Bxg3 52. Rxc8 Rh6 53. Rg8+ Kxg8 54. c8=Q+ Kg7 55. Qg4+ Rg6 56. Qxg6+ Kxg6 57. Rc3 1-0

[Event "1st Bangalore GM-Open-B 2024"]
[Site "Bangalore"]
[Date "2024.01.19"]
[Round "5.5"]
[White "Dawda Vihaan"]
[Black "Niranjan, Mocharla"]
[Result "1-0"]
[ECO "D11"]
[WhiteElo "1706"]
[BlackElo "1572"]
[Annotator "NA RC"]
[PlyCount "115"]
[EventDate "2024.01.20"]
[EventType "swiss"]
[EventCountry "IND"]
[SourceTitle "playchess.com"]
[Source "ChessBase"]
[SourceQuality "1"]
[TimeControl "3600+30"]

1. Nf3 d5 2. g3 c6 3. Bg2 Bf5 4. O-O Nd7 5. d4 Ngf6 6. c4 e6 7. Nc3 dxc4 8. a4 a5 9. Nh4 Bg6 10. Nxg6 hxg6 11. e4 Nb6 12. Bg5 Be7 13. e5 Nfd5 14. Bxe7 Nxe7 15. Ne4 Nec8 16. Qg4 Nd5 17. Rfd1 Ra6 18. Ra3 Rb6 19. Rf3 Rh5 20. Bf1 Rb4 21. Rc1 Ndb6 22. Nc5 Qe7 23. Rc2 Nxa4 24. Nxa4 Rxa4 25. Bxc4 Nb6 26. Be2 Rxe5 27. Rb3 Rg5 28. Qf4 e5 29. Qh4 Rb4 30. Rxb4 axb4 31. Qh8+ Qf8 32. Qh4 Qe7 33. Qh8+ Kd7 34. h4 Rf5 35. Bg4 exd4 36. Re2 Qf6 37. Qe8+ Kd6 38. Bxf5 gxf5 39. Qf8+ Kc7 40. Qxb4 Nd5 41. Qa5+ Nb6 42. Rd2 f4 43. Rd3 fxg3 44. Rxg3 Qe6 45. h5 d3 46. Rxd3 Qg4+ 47. Rg3 Qd1+ 48. Kg2 Qd4 49. Qc3 Qd5+ 50. Qf3 Qe5 51. Qxf7+ Kb8 52. Rxg7 Qe4+ 53. Qf3 Qd4 54. Qg3+ Ka7 55. Qa3+ Kb8 56. Rg8+ Kc7 57. Qg3+ Kd7 58. Qg7+ 1-0

[Event "1st Bangalore GM-Open-B 2024"]
[Site "Bangalore"]
[Date "2024.01.20"]
[Round "6.1"]
[White "Sushanth Vaman Shetty"]
[Black "Selvamurugan B"]
[Result "0-1"]
[ECO "D37"]
[WhiteElo "1704"]
[BlackElo "1920"]
[Annotator "RC"]
[PlyCount "84"]
[EventDate "2024.01.20"]
[EventType "swiss"]
[EventCountry "IND"]
[SourceTitle "playchess.com"]
[Source "ChessBase"]
[SourceQuality "1"]
[TimeControl "3600+30"]

1. d4 Nf6 2. c4 e6 3. Nf3 d5 4. e3 Be7 5. Nc3 O-O 6. Be2 dxc4 7. O-O a6 8. a4 c5 9. Bxc4 Nc6 10. b3 cxd4 11. Nxd4 Na5 12. Be2 e5 13. Nf3 Be6 14. Nxe5 Nxb3 15. Qxd8 Rfxd8 16. Rb1 Rac8 17. Bb2 Nd2 18. Nf3 Nxb1 19. Rxb1 Bb4 20. Rc1 Bc4 21. Kf1 Bxc3 22. Bxc3 Ne4 23. Ba5 Bxe2+ 24. Kxe2 Rxc1 25. Bxd8 Rc8 26. Ba5 Nc5 27. Nd4 Nxa4 28. Kd2 Nb2 29. Bc3 Na4 30. Bb4 g6 31. f4 b6 32. g4 a5 33. Be7 Nc3 34. Kd3 b5 35. e4 b4 36. f5 Na2 37. e5 a4 38. e6 a3 39. Nc2 fxe6 40. fxe6 Nc1+ 41. Kd2 Nb3+ 42. Kd3 Rc3+ 0-1

[Event "1st Bangalore GM-Open-B 2024"]
[Site "Bangalore"]
[Date "2024.01.20"]
[Round "6.2"]
[White "Neil Franclin, S."]
[Black "Bapat Aniket"]
[Result "0-1"]
[ECO "A65"]
[WhiteElo "1736"]
[BlackElo "1698"]
[Annotator "NA RC"]
[PlyCount "54"]
[EventDate "2024.01.20"]
[EventType "swiss"]
[EventCountry "IND"]
[SourceTitle "playchess.com"]
[Source "ChessBase"]
[SourceQuality "1"]
[TimeControl "3600+30"]

1. d4 Nf6 2. c4 c5 3. d5 g6 4. Nc3 Bg7 5. e4 O-O 6. Be3 d6 7. f3 e6 8. Nge2 exd5 9. cxd5 h5 10. Qd2 Nbd7 11. Nc1 Ne5 12. Be2 a6 13. a4 Rb8 14. O-O Bd7 15. a5 Qe8 16. N1a2 Bb5 17. Nxb5 axb5 18. b4 cxb4 19. Qxb4 Nxd5 20. exd5 Nc4 21. Bxc4 Qxe3+ 22. Kh1 Bxa1 23. Bxb5 Be5 24. f4 Bg7 25. h3 Rbc8 26. Qxd6 Rfd8 27. Bd7 Bf8 0-1

[Event "1st Bangalore GM-Open-B 2024"]
[Site "Bangalore"]
[Date "2024.01.20"]
[Round "6.3"]
[White "Patil Divya"]
[Black "Kadav Omkar"]
[Result "1-0"]
[ECO "B28"]
[WhiteElo "1669"]
[BlackElo "1725"]
[Annotator "NA RC"]
[PlyCount "156"]
[EventDate "2024.01.20"]
[EventType "swiss"]
[EventCountry "IND"]
[SourceTitle "playchess.com"]
[Source "ChessBase"]
[SourceQuality "1"]
[TimeControl "3600+30"]

1. e4 c5 2. Nf3 a6 3. d4 cxd4 4. Nxd4 Nf6 5. Nc3 e5 6. Nf3 Bb4 7. Bd3 Bxc3+ 8. bxc3 d6 9. O-O Qc7 10. Qd2 Nbd7 11. Re1 Nc5 12. Ba3 Be6 13. Ng5 h6 14. Nxe6 Nxe6 15. Rad1 Rd8 16. Bb4 O-O 17. c4 Nd7 18. Qe3 Ndc5 19. Kh1 Qe7 20. Qg3 Qg5 21. Re3 Qxg3 22. Rxg3 Rc8 23. Re3 Rc6 24. f3 Rfc8 25. Re2 Kf8 26. Red2 Ke7 27. Bf1 a5 28. Bxa5 Ra8 29. Bb4 Rxa2 30. c3 Rxd2 31. Rxd2 Ra6 32. g3 Ra1 33. Kg2 Kd7 34. Kf2 Kc6 35. h4 b6 36. Bh3 Nc7 37. Bc8 h5 38. Ke2 N7e6 39. Bxe6 fxe6 40. Ke3 g6 41. Kf2 Rb1 42. Ke2 Ra1 43. Kf2 Ra8 44. Ke3 Nb7 45. Kf2 Rd8 46. Ke3 Na5 47. Bxa5 bxa5 48. Ra2 Ra8 49. Ra4 Kb6 50. Kd3 Rc8 51. Ra3 Ra8 52. Ra4 Rf8 53. Ke3 Ka6 54. Ra3 Rc8 55. Kd3 Rf8 56. Ke3 Rb8 57. Ra1 Rb3 58. Kd3 Rb2 59. Ke3 Rc2 60. Kd3 Rg2 61. Ke3 Kb6 62. Rb1+ Kc5 63. Rb5+ Kxc4 64. Rxa5 d5 65. Ra6 Kxc3 66. Rc6+ Kb4 67. Rxe6 d4+ 68. Kd3 Rxg3 69. Rxe5 Rxf3+ 70. Kxd4 Rf4 71. Rg5 Rxh4 72. Rxg6 Rh1 73. Rb6+ Ka5 74. Rh6 h4 75. e5 h3 76. e6 h2 77. e7 Re1 78. Rxh2 Rxe7 1-0

[Event "1st Bangalore GM-Open-B 2024"]
[Site "Bangalore"]
[Date "2024.01.20"]
[Round "6.4"]
[White "Dawda Vihaan"]
[Black "Afreed T Khan"]
[Result "1/2-1/2"]
[ECO "A05"]
[WhiteElo "1706"]
[BlackElo "1668"]
[Annotator "NA RC"]
[PlyCount "75"]
[EventDate "2024.01.20"]
[EventType "swiss"]
[EventCountry "IND"]
[SourceTitle "playchess.com"]
[Source "ChessBase"]
[SourceQuality "1"]
[TimeControl "3600+30"]

1. Nf3 Nf6 2. g3 g6 3. b3 Bg7 4. Bb2 O-O 5. Bg2 c5 6. c4 e6 7. O-O d5 8. cxd5 exd5 9. d4 Ne4 10. Qc1 Qf6 11. Nc3 Be6 12. Na4 cxd4 13. Bxd4 Qe7 14. Qb2 Bxd4 15. Nxd4 Nc6 16. e3 Rac8 17. Rfd1 Ne5 18. f3 Nf6 19. Nc3 Rfd8 20. Rac1 h5 21. h4 a6 22. Qd2 Qd6 23. Nce2 Rxc1 24. Rxc1 Rc8 25. Nf4 Rxc1+ 26. Qxc1 Bd7 27. Qc3 Nc6 28. Nxc6 Qxc6 29. Qxc6 Bxc6 30. Kf2 Kf8 31. Ke2 Ke7 32. Kd3 Kd6 33. Kd4 Ng8 34. e4 dxe4 35. fxe4 Ne7 36. Bf3 Bd7 37. e5+ Kc7 38. Ke4 1/2-1/2

[Event "1st Bangalore GM-Open-B 2024"]
[Site "Bangalore"]
[Date "2024.01.20"]
[Round "6.5"]
[White "Jaidambareesh N R"]
[Black "Andalamala Hemal Varshan"]
[Result "1-0"]
[ECO "E04"]
[WhiteElo "1757"]
[BlackElo "1578"]
[Annotator "NA RC"]
[PlyCount "101"]
[EventDate "2024.01.20"]
[EventType "swiss"]
[EventCountry "IND"]
[SourceTitle "playchess.com"]
[Source "ChessBase"]
[SourceQuality "1"]
[TimeControl "3600+30"]

1. Nf3 c5 2. g3 d5 3. Bg2 Nf6 4. O-O Nc6 5. d4 e6 6. c4 dxc4 7. dxc5 Qxd1 8. Rxd1 Bxc5 9. Nbd2 c3 10. bxc3 O-O 11. Nb3 Be7 12. c4 Bd7 13. Bb2 Rfd8 14. Nfd4 Rac8 15. Nb5 a6 16. Nd6 Bxd6 17. Rxd6 Be8 18. Rad1 Rxd6 19. Rxd6 b5 20. c5 Kf8 21. f4 Ke7 22. Bc3 Bd7 23. Nd4 Nb8 24. Rb6 Nd5 25. Nf5+ Kd8 26. Bxd5 exd5 27. Nxg7 Nc6 28. Bf6+ Kc7 29. Rxa6 Bg4 30. Kf2 Kb7 31. Rb6+ Kc7 32. Rxb5 Ra8 33. Rb2 Na5 34. Be5+ Kc6 35. Rb8 Ra7 36. Ne8 Nc4 37. Nf6 Be6 38. Bd4 Rxa2 39. g4 Kc7 40. Rh8 Rd2 41. Be3 Rd1 42. f5 Bc8 43. Rxh7 d4 44. Bf4+ Kc6 45. Rxf7 Ba6 46. Rc7+ Kb5 47. g5 Ra1 48. g6 Ra2 49. g7 d3 50. g8=Q Rxe2+ 51. Kf1 1-0

[Event "1st Bangalore GM-Open-B 2024"]
[Site "Bangalore"]
[Date "2024.01.20"]
[Round "7.1"]
[White "Selvamurugan B"]
[Black "Bapat Aniket"]
[Result "1-0"]
[ECO "B31"]
[WhiteElo "1920"]
[BlackElo "1698"]
[Annotator "NA RC"]
[PlyCount "73"]
[EventDate "2024.01.20"]
[EventType "swiss"]
[EventCountry "IND"]
[SourceTitle "playchess.com"]
[Source "ChessBase"]
[SourceQuality "1"]
[TimeControl "3600+30"]

1. e4 c5 2. Nf3 Nc6 3. Bb5 Nf6 4. e5 Nd5 5. Nc3 Nc7 6. Bxc6 dxc6 7. O-O g6 8. Re1 Bg7 9. Ne4 b6 10. Nf6+ Kf8 11. Ne4 h6 12. d3 Kg8 13. a4 Kh7 14. a5 f5 15. exf6 exf6 16. Qe2 f5 17. axb6 axb6 18. Rxa8 Nxa8 19. Neg5+ hxg5 20. Nxg5+ Qxg5 21. Bxg5 Nc7 22. h4 Ne6 23. Ra1 Re8 24. Ra8 Nc7 25. Qxe8 Nxe8 26. Rxc8 Nd6 27. Rxc6 Nb5 28. Rxb6 Nc7 29. Rb7 Ne6 30. Bf6 Kh6 31. Bxg7+ Nxg7 32. Rxg7 Kxg7 33. f3 Kf6 34. g4 Ke5 35. h5 gxh5 36. gxh5 f4 37. c3 1-0

[Event "1st Bangalore GM-Open-B 2024"]
[Site "Bangalore"]
[Date "2024.01.20"]
[Round "7.2"]
[White "Afreed T Khan"]
[Black "Jaidambareesh N R"]
[Result "0-1"]
[ECO "D85"]
[WhiteElo "1668"]
[BlackElo "1757"]
[Annotator "NA RC"]
[PlyCount "64"]
[EventDate "2024.01.20"]
[EventType "swiss"]
[EventCountry "IND"]
[SourceTitle "playchess.com"]
[Source "ChessBase"]
[SourceQuality "1"]
[TimeControl "3600+30"]

1. d4 Nf6 2. c4 g6 3. Nc3 d5 4. cxd5 Nxd5 5. e4 Nxc3 6. bxc3 Bg7 7. Nf3 c5 8. Bc4 O-O 9. e5 Bg4 10. Be3 Nc6 11. O-O Qc7 12. Be2 Rfd8 13. Qa4 a6 14. Rfd1 b5 15. Qa3 cxd4 16. cxd4 Be6 17. Rac1 Bd5 18. Ne1 Qa5 19. Qc5 e6 20. Nd3 Bf8 21. Qc3 Qxa2 22. Bf3 Bxf3 23. gxf3 Rdc8 24. Nf4 Ne7 25. Qe1 Nd5 26. Ra1 Qb3 27. Rdb1 Qc3 28. Qxc3 Nxc3 29. Rb3 a5 30. d5 a4 31. Rb2 exd5 32. Bd4 b4 0-1

[Event "1st Bangalore GM-Open-B 2024"]
[Site "Bangalore"]
[Date "2024.01.20"]
[Round "7.3"]
[White "Kadav Omkar"]
[Black "Aadinath Harilal"]
[Result "1-0"]
[ECO "C01"]
[WhiteElo "1725"]
[BlackElo "1474"]
[Annotator "NA RC"]
[PlyCount "79"]
[EventDate "2024.01.20"]
[EventType "swiss"]
[EventCountry "IND"]
[SourceTitle "playchess.com"]
[Source "ChessBase"]
[SourceQuality "1"]
[TimeControl "3600+30"]

1. e4 e6 2. d4 d5 3. Bd3 c5 4. exd5 exd5 5. Nf3 Nf6 6. O-O c4 7. Re1+ Be7 8. Bf1 O-O 9. b3 cxb3 10. axb3 Nc6 11. h3 Bf5 12. c4 dxc4 13. bxc4 Nb4 14. Na3 Rc8 15. Bb2 a6 16. Qb3 b6 17. Bc3 a5 18. Re5 Bg6 19. Re3 Bd6 20. Ne5 Bf5 21. g4 Bg6 22. Bg2 Re8 23. Rae1 Kf8 24. g5 Bxe5 25. gxf6 gxf6 26. dxe5 Nd3 27. Rd1 fxe5 28. Rexd3 Bxd3 29. Rxd3 Qg5 30. Bd2 Qh4 31. Rg3 e4 32. Be3 Rcd8 33. Qxb6 f5 34. Bh6+ Kf7 35. Rg7+ Kf8 36. Qc5+ Re7 37. Rxe7+ Kg8 38. Rd7 Re8 39. Qd5+ Kh8 40. Bg7# 1-0

[Event "1st Bangalore GM-Open-B 2024"]
[Site "Bangalore"]
[Date "2024.01.20"]
[Round "7.4"]
[White "Pranay Akula"]
[Black "Gandhi Samarth"]
[Result "1-0"]
[ECO "B24"]
[WhiteElo "1712"]
[BlackElo "1336"]
[Annotator "NA RC"]
[PlyCount "109"]
[EventDate "2024.01.20"]
[EventType "swiss"]
[EventCountry "IND"]
[SourceTitle "playchess.com"]
[Source "ChessBase"]
[SourceQuality "1"]
[TimeControl "3600+30"]

1. e4 c5 2. Nc3 e6 3. Nge2 Nc6 4. g3 Nf6 5. Bg2 Be7 6. O-O O-O 7. h3 d5 8. exd5 Nxd5 9. Nxd5 exd5 10. d4 Be6 11. c3 Qd7 12. Kh2 cxd4 13. Nxd4 Nxd4 14. Qxd4 Bf6 15. Qd3 Rac8 16. Rd1 Rfd8 17. Be3 Qa4 18. Bd4 Bxd4 19. Qxd4 Rc4 20. Qe3 Qa5 21. a3 Qa4 22. Rd2 h6 23. Rad1 Re8 24. Qd3 Rd8 25. Qb1 Qa5 26. Rd4 Qb6 27. Kg1 Re8 28. Qc2 Rec8 29. Qe2 Rxd4 30. Rxd4 Rc4 31. Rd2 d4 32. Rxd4 Rxd4 33. cxd4 Qxd4 34. Bxb7 Qd7 35. Bg2 Bxh3 36. Bxh3 Qxh3 37. Qe8+ Kh7 38. Qxf7 a5 39. Qd5 Qc8 40. b4 Qc1+ 41. Kg2 a4 42. Qf5+ Kh8 43. Qf8+ Kh7 44. Qf3 Qc4 45. Qf5+ Kh8 46. Qc5 Qe4+ 47. Kh2 Qg4 48. b5 h5 49. Qf8+ Kh7 50. Qf4 Qd1 51. b6 Qb3 52. Qe4+ Kh6 53. b7 Qb2 54. Qf4+ g5 55. Qf8+ 1-0

[Event "1st Bangalore GM-Open-B 2024"]
[Site "Bangalore"]
[Date "2024.01.20"]
[Round "7.5"]
[White "Patil Divya"]
[Black "Dawda Vihaan"]
[Result "1/2-1/2"]
[ECO "B92"]
[WhiteElo "1669"]
[BlackElo "1706"]
[Annotator "NA RC"]
[PlyCount "85"]
[EventDate "2024.01.20"]
[EventType "swiss"]
[EventCountry "IND"]
[SourceTitle "playchess.com"]
[Source "ChessBase"]
[SourceQuality "1"]
[TimeControl "3600+30"]

1. e4 c5 2. Nf3 d6 3. d4 cxd4 4. Nxd4 Nf6 5. Nc3 a6 6. Be2 e5 7. Nb3 Be7 8. Be3 Be6 9. O-O O-O 10. f4 b5 11. a3 Nbd7 12. Kh1 Rc8 13. f5 Bc4 14. Bxc4 bxc4 15. Nd2 Nb6 16. Qe2 d5 17. Bxb6 Qxb6 18. exd5 Qxb2 19. Nde4 Nxe4 20. Nxe4 f6 21. d6 Bd8 22. h3 Kh8 23. Rfb1 Qd4 24. Rd1 Qa7 25. Rab1 Qd7 26. Qf2 Rc6 27. c3 Qf7 28. Rb8 Qd7 29. Rdb1 Rxd6 30. Nxd6 Qxd6 31. Qf3 h6 32. Rc8 Kh7 33. Rbb8 Bc7 34. Rxc7 Rxb8 35. Rc6 Qxa3 36. Rxc4 Rb1+ 37. Kh2 Qa1 38. Re4 Rh1+ 39. Kg3 Rc1 40. Re3 Qa4 41. Kh2 Rd1 42. Re4 Qd7 43. Qh5 1/2-1/2

[Event "1st Bangalore GM-Open-B 2024"]
[Site "Bangalore"]
[Date "2024.01.20"]
[Round "8.1"]
[White "Kadav Omkar"]
[Black "Selvamurugan B"]
[Result "1/2-1/2"]
[ECO "C77"]
[WhiteElo "1725"]
[BlackElo "1920"]
[Annotator "NA RC"]
[PlyCount "68"]
[EventDate "2024.01.20"]
[EventType "swiss"]
[EventCountry "IND"]
[SourceTitle "playchess.com"]
[Source "ChessBase"]
[SourceQuality "1"]
[TimeControl "3600+30"]

1. e4 e5 2. Nf3 Nc6 3. Bb5 a6 4. Ba4 Nf6 5. Qe2 Bc5 6. c3 O-O 7. d3 h6 8. O-O Re8 9. h3 d5 10. Rd1 b5 11. Bb3 Bb7 12. Nbd2 d4 13. c4 Nh5 14. Nf1 Na5 15. Bc2 bxc4 16. dxc4 Nc6 17. Ne1 Nf4 18. Bxf4 exf4 19. Nd3 Qd6 20. Ba4 Re7 21. Bxc6 Bxc6 22. e5 Qg6 23. Qg4 Qxg4 24. hxg4 Ba7 25. Nd2 a5 26. Re1 Rb8 27. b3 g5 28. Ne4 Kg7 29. Nf6 Ba8 30. Nh5+ Kg6 31. Nf6 Kg7 32. Nh5+ Kg6 33. Nf6 Kg7 34. f3 Rh8 1/2-1/2

[Event "1st Bangalore GM-Open-B 2024"]
[Site "Bangalore"]
[Date "2024.01.20"]
[Round "8.2"]
[White "Jaidambareesh N R"]
[Black "Pranay Akula"]
[Result "1-0"]
[ECO "A05"]
[WhiteElo "1757"]
[BlackElo "1712"]
[Annotator "NA RC"]
[PlyCount "75"]
[EventDate "2024.01.20"]
[EventType "swiss"]
[EventCountry "IND"]
[SourceTitle "playchess.com"]
[Source "ChessBase"]
[SourceQuality "1"]
[TimeControl "3600+30"]

1. Nf3 Nf6 2. g3 g6 3. b3 Bg7 4. Bb2 O-O 5. Bg2 d5 6. c4 c5 7. cxd5 Nxd5 8. Bxg7 Kxg7 9. O-O Nc6 10. d4 cxd4 11. Nxd4 e5 12. Nxc6 bxc6 13. Qc2 Be6 14. Qb2 f6 15. Nd2 Qe7 16. Rac1 Rac8 17. Ne4 Nb6 18. Nc5 Bd5 19. Bh3 f5 20. e4 fxe4 21. Bxc8 Nxc8 22. Qe2 Nd6 23. Na4 Nb5 24. Nc3 Nd4 25. Qg4 h5 26. Nxd5 cxd5 27. Qd1 Rf3 28. Kg2 Qf7 29. Qd2 Rd3 30. Qg5 Kh7 31. h4 Qg7 32. Qd8 Ne6 33. Qd6 Qf6 34. Kg1 Qf5 35. Qe7+ Kg8 36. Rc8+ Nf8 37. Rc7 Ne6 38. Qh7+ 1-0